 Dungeon Crawl Stone Soup version 0.19.1-1-g22dce08 (webtiles) character file.

407 esteth the Transmogrifier (level 6, -6/43 HPs)
             Began as a Merfolk Transmuter on Jan 15, 2017.
             Mangled by an ogre
             ... wielding a +0 giant club
              (29 damage)
             ... on level 4 of the Dungeon.
             The game lasted 00:08:08 (3500 turns).

esteth the Transmogrifier (Merfolk Transmuter)      Turns: 3500, Time: 00:08:09

Health: -6/43      AC:  6    Str: 12    XL:     6   Next: 88%
Magic:  9/9        EV: 13    Int: 12    God:
Gold:   123        SH:  0    Dex: 15    Spells: 2 memorised, 5 levels left

rFire  . . .     SeeInvis +     n - +2 dagger (venom)
rCold  . . .     Gourm    .     u - +0 leather armour
rNeg   . . .     Faith    .     (no shield)
rPois  .         Spirit   .     (no helmet)
rElec  .         Reflect  .     (no cloak)
rCorr  .         Harm     .     (no gloves)
MR     .....                    m - +2 pair of boots {Stlth+}
Stlth  ++........               (no amulet)
                                r - ring of see invisible
                                p - +1 ring of evasion

@: no status effects
A: change form in water, swift swim, stealthy swim
a: no special abilities


You were on level 4 of the Dungeon.
You were not hungry.

You visited 1 branch of the dungeon, and saw 4 of its levels.
You also visited: Ossuary.

You collected 123 gold pieces.

Inventory:

Hand Weapons
 n - a +2 dagger of venom (weapon)
Missiles
 a - 40 arrows
Armour
 b - a +0 robe
 m - a +2 pair of boots of stealth (worn)
 u - a +0 leather armour (worn)
Jewellery
 p - a +1 ring of evasion (left hand)
 r - a ring of see invisible (right hand)
Scrolls
 g - 2 scrolls of random uselessness
 h - 2 scrolls of identify
 i - 2 scrolls of teleportation {unknown}
 j - a scroll of enchant weapon {unknown}
 k - 3 scrolls of fog {unknown}
 o - a scroll of blinking {unknown}
 s - 3 scrolls of remove curse {unknown}
 v - a scroll of immolation {unknown}
 x - a scroll of enchant armour {unknown}
 y - a scroll of noise {unknown}
Potions
 e - 2 potions of haste
 l - 2 potions of heal wounds
 q - 2 potions of agility
 w - a potion of ambrosia {unknown}
 z - a potion of brilliance {unknown}
 A - a potion of degeneration {unknown}
Books
 c - a book of Changes

   Spells                             Type                      Level
   a - Beastly Appendage              Transmutation                1
   b - Sticks to Snakes               Transmutation                2
   c - Spider Form                    Transmutation/Poison         3
   d - Ice Form                       Ice/Transmutation            4
   e - Blade Hands                    Transmutation                5
Comestibles
 d - 3 bread rations
 f - 2 slices of pizza
 t - 7 fruits
 B - 2 chunks of flesh


   Skills:
 - Level 1.4 Fighting
 - Level 2.6 Dodging
 + Level 4.0 Unarmed Combat
 - Level 2.1 Spellcasting
 - Level 8.7 Transmutations


You had 5 spell levels left.
You knew the following spells:

 Your Spells              Type           Power        Failure   Level  Hunger
a - Beastly Appendage     Tmut           ###...       1%          1    ##.....
b - Spider Form           Tmut/Pois      ##........   21%         3    ####...


Dungeon Overview and Level Annotations

Branches:
Dungeon (4/15)
 Temple: D:4-7

Altars:

Shops:
D:4 ?


Message History

You hit the howler monkey.
You kill the howler monkey!
Your Unarmed Combat skill increases to level 4!
No target in view!
No target in view!
You see here a leather armour.
You now have 123 gold pieces (gained 7).
An ogre comes into view. It is wielding a giant club.
The ogre shouts!
The ogre hits you with a giant club!
You hit the ogre.
The ogre is lightly wounded.
The ogre barely misses you.
You barely miss the ogre.
The ogre is lightly wounded.
Your leather armour prevents you from hitting the ogre.
The ogre is lightly wounded.
The ogre hits you with a giant club!!
Ouch! That really hurt!
You die...

### ..# #### #.#
########## ##...##
#.# #........#
#.....###.#
#.######.#
#....@....# #.# #..
#...O.###.# #.# #..
##...##
#.###.######.# ##.#
#[........∩...
#.#####..###.##.....
.........# #.##.#..#
...#####..#
#........ ###
#.........#..#
##.###..###..#


You could see an ogre.

Vanquished Creatures
  A scorpion (D:4)
  A howler monkey (D:4)
  2 human zombies (Ossuary)
  An orc priest (D:2)
  Ijyb (D:2)
  A worker ant (D:4)
  7 adders
  2 oozes (D:2)
  An adder skeleton (D:3)
  An adder zombie (Ossuary)
  5 worms
  A dart slug (D:2)
  3 leopard geckos
  8 orcs
  2 ball pythons
  10 bats
  3 giant cockroaches
  11 goblins
  6 hobgoblins
  6 kobolds
  2 quokkas
  8 frilled lizards
  3 hobgoblin zombies (Ossuary)
  2 jackal zombies (Ossuary)
  A kobold zombie (Ossuary)
  An orc zombie (Ossuary)
  A quokka zombie (Ossuary)
  4 rats
95 creatures vanquished.

Notes
Turn   | Place    | Note
-------+----------+-------------------------------------------
     0 | D:1      | esteth the Merfolk Transmuter began the quest for the Orb.
     0 | D:1      | Reached XP level 1. HP: 15/15 MP: 3/3
   177 | D:1      | Reached skill level 3 in Transmutations
   177 | D:1      | Reached XP level 2. HP: 21/21 MP: 5/5
   662 | D:1      | Reached skill level 4 in Transmutations
   662 | D:1      | Reached XP level 3. HP: 26/26 MP: 6/6
   933 | D:2      | Reached skill level 5 in Transmutations
  1075 | D:2      | Reached XP level 4. HP: 28/32 MP: 7/7
  1076 | D:2      | Noticed Ijyb
  1087 | D:2      | Killed Ijyb
  1190 | D:2      | Reached skill level 6 in Transmutations
  1405 | D:2      | Learned a level 3 spell: Spider Form
  1433 | D:2      | Reached XP level 5. HP: 37/37 MP: 8/8
  2005 | D:3      | Reached skill level 7 in Transmutations
  2905 | D:4      | Reached XP level 6. HP: 43/43 MP: 9/9
  2907 | D:4      | Found Qapn's Magic Scroll Emporium.
  2912 | D:4      | Reached skill level 8 in Transmutations
  2944 | D:4      | Found a sand-covered staircase.
  2956 | Ossuary  | Entered an ossuary
  3068 | Ossuary  | HP: 2/43 [human zombie (4)]
  3218 | Ossuary  | Noticed dscm's ghost (novice HOFi)
  3500 | D:4      | Mangled by an ogre

Skill      XL: |  1  2  3  4  5  6 |
---------------+-------------------+-----
Transmutations | 3 4 5 6 7 8 |  8.7
Unarmed Combat | 4 |  4.0
Fighting       | |  1.4
Dodging        | |  2.6
Spellcasting   | |  2.1

Action                   |  1- 3 |  4- 6 || total
-------------------------+-------+-------++-------
Melee: Unarmed           |    56 |       ||    56
       Headbutt          |     1 |       ||     1
       Dagger            |    53 |   281 ||   334
       Punch             |       |     6 ||     6
 Cast: Beastly Appendage |     1 |       ||     1
  Use: Scroll            |       |     4 ||     4
       Potion            |       |     1 ||     1
 Stab: Sleeping          |     3 |     7 ||    10
  Eat: Chunk             |       |     9 ||     9
Armor: Robe              |    18 |    30 ||    48
       Leather armour    |       |    63 ||    63
Dodge: Dodged            |    89 |   203 ||   292
